AoeStats
← Chris77A

Black Forest

507483410Analyzed
3v3 RM · 13d ago on Sep 18, 2026· 36m 55s· 6 players
Game mode
Random Map
Map size
Normal (6 player)
Population
200
Speed
Normal
Resources
Standard
Victory
Conquest
Starting age
Dark Age
Ending age
Imperial Age
RankedLock teamsTeams togetherTeam positionsShared explorationLock speedFull tech treeHidden civsTurbo modeCheats
Victory
Defeat
🇲🇽 Khmer · Mexico
1337
+15
🇷🇺 Byzantines · Russia
1258
+18
🇫🇷 Mongols · France
1168
+23
🇬🇧 Japanese · United Kingdom
1335
-20
🇬🇧 Bohemians · United Kingdom
1318
-19
🇬🇧 Teutons · United Kingdom
1273
-17
HeO_3km
0:29 Loom
14:19 Feudal Age
16:20 Fletching
23:00 Castle Age
21:41 Stone Mining
22:21 Double-Bit Axe
22:19 Horse Collar
25:44 Wheelbarrow
29:17 Bow Saw
29:02 Elite Skirmisher
29:42 Gold Mining
33:52 Imperial Age
32:26 Bodkin Arrow
34:59 Conscription
35:05 Padded Archer Armor
35:24 Hand Cart
clem3613
0:30 Loom
11:28 Feudal Age
15:13 Castle Age
13:05 Double-Bit Axe
17:39 Bow Saw
21:01 Horse Collar
22:17 Gold Mining
22:17 Stone Mining
25:27 Wheelbarrow
27:17 Hand Cart
29:46 Imperial Age
27:21 Fletching
28:14 Hand Cart
28:10 Padded Archer Armor
28:42 Bodkin Arrow
29:55 Leather Archer Armor
31:29 Bracer
30:51 Onager
32:29 Siege Engineers
33:25 Chemistry
32:56 Heavy Plow
33:34 Gold Shaft Mining
33:40 Stone Shaft Mining
33:29 Conscription
34:07 Drill
35:19 Elite Mangudai
higuilopez
6:00 Loom
8:34 Feudal Age
9:27 Double-Bit Axe
11:18 Horse Collar
15:06 Wheelbarrow
15:56 Forging
17:23 Scale Barding Armor
20:25 Bloodlines
25:50 Castle Age
25:54 Light Cavalry
26:34 Husbandry
26:56 Chain Barding Armor
32:47 Iron Casting
35:39 Hand Cart
Chris77A
0:51 Loom
12:37 Feudal Age
18:26 Castle Age
16:17 Double-Bit Axe
20:20 Wheelbarrow
21:35 Bow Saw
22:01 Fishing Lines
22:15 Horse Collar
23:38 Pikeman
26:22 Hand Cart
26:59 Bloodlines
27:00 Scale Barding Armor
27:24 Fletching
27:26 Town Watch
31:38 Ironclad
36:06 Imperial Age
35:26 Chain Barding Armor
36:34 Heavy Plow
DrunkMonk
2:08 Loom
13:33 Feudal Age
13:59 Double-Bit Axe
14:56 Fishing Lines
14:59 Horse Collar
21:57 Castle Age
20:55 Fletching
21:05 Padded Archer Armor
22:48 Bow Saw
22:40 Heavy Plow
22:42 Gillnets
22:22 Elite Skirmisher
25:00 Wheelbarrow
25:59 Bodkin Arrow
26:20 Leather Archer Armor
27:03 Town Watch
30:12 Scale Barding Armor
30:18 Forging
35:06 Imperial Age
33:56 Chemistry
33:17 Ballistics
35:05 Hand Cart
36:34 Siege Engineers
out.c/imperator`
1:35 Loom
10:11 Feudal Age
10:19 Man-at-Arms
13:31 Scale Mail Armor
21:13 Double-Bit Axe
25:23 Castle Age
24:10 Fletching
26:00 Crossbowman
26:52 Horse Collar
27:37 Bow Saw
27:34 Gold Mining
Connection lost

Rejoining the realm…

Still unreachable

The connection could not be restored.

Session expired

The server has moved on; the page needs a fresh start.